[Event "IM Marmaris Karia IV 2019"]
[Site "Marmaris"]
[Date "2019.01.27"]
[Round "1.2"]
[White "Tanriverdi, Enes"]
[Black "Pacher, Milan"]
[Result "0-1"]
[ECO "D15"]
[WhiteElo "2283"]
[BlackElo "2442"]
[Annotator "NA RC"]
[PlyCount "116"]
[EventDate "2019.01.27"]
[EventType "schev"]
[EventCountry "TUR"]
[SourceTitle "playchess.com"]
[Source "ChessBase"]
[SourceQuality "1"]
[TimeControl "5400+30"]

1. d4 d5 2. c4 c6 3. Nf3 Nf6 4. e3 Bf5 5. Nc3 a6 6. cxd5 cxd5 7. Qb3 Ra7 8. Bd2 e6 9. Nh4 Bg4 10. f3 Bh5 11. O-O-O Nfd7 12. g4 Qxh4 13. gxh5 Nc6 14. Rg1 Qxh2 15. Bd3 Qxh5 16. Rh1 Qxf3 17. Rdf1 Qg3 18. Rhg1 Qc7 19. Kb1 g6 20. e4 Nxd4 21. Qa4 Bg7 22. Rc1 b5 23. Qa3 Qb8 24. Bf4 Ne5 25. exd5 Rd7 26. Ne4 Rxd5 27. Bg5 Ndc6 28. Be2 f5 29. Nf6+ Bxf6 30. Bxf6 Rf8 31. Bg7 Rf7 32. Bxe5 Qxe5 33. Bf3 Nd8 34. Bxd5 Qxd5 35. Qxa6 Rd7 36. Rge1 Kf7 37. Qb6 e5 38. Qg1 Ne6 39. Qh2 e4 40. Qxh7+ Ng7 41. Qh2 Nh5 42. Qf2 f4 43. Qc2 e3 44. Red1 Qe6 45. Rxd7+ Qxd7 46. Ka1 Kg7 47. Qe4 Kh6 48. a3 Qf5 49. Qf3 Ng3 50. Qa8 e2 51. Qh8+ Kg5 52. Qd8+ Kg4 53. Qd4 g5 54. Rg1 Qe6 55. Qd2 Kf3 56. Qc3+ Qe3 57. Qc6+ Ne4 58. Re1 Kf2 0-1

[Event "IM Marmaris Karia IV 2019"]
[Site "Marmaris"]
[Date "2019.01.27"]
[Round "1.3"]
[White "Hamidi, Amir Mohammad"]
[Black "Rzayev, Bahruz"]
[Result "1/2-1/2"]
[ECO "A30"]
[WhiteElo "2221"]
[BlackElo "2359"]
[Annotator "NA"]
[PlyCount "51"]
[EventDate "2019.01.27"]
[EventType "schev"]
[EventCountry "TUR"]
[SourceTitle "playchess.com"]
[Source "ChessBase"]
[SourceQuality "1"]
[TimeControl "5400+30"]

1. d4 Nf6 2. Nf3 b6 3. g3 Bb7 4. Bg2 c5 5. O-O cxd4 6. Nxd4 Bxg2 7. Kxg2 g6 8. c4 Bg7 9. Nc3 O-O 10. e4 Qc7 11. Qe2 Nc6 12. Nxc6 Qxc6 13. Bd2 e6 14. Rac1 Ne8 15. Rfd1 f5 16. f3 Nd6 17. Bf4 Nf7 18. exf5 gxf5 19. Nb5 a6 20. Nd6 Nxd6 21. Rxd6 Qb7 22. Rdd1 Qc6 23. Rd6 Qb7 24. Rdd1 Qc6 25. Rd6 Qb7 26. Rdd1 1/2-1/2

[Event "IM Marmaris Karia IV 2019"]
[Site "Marmaris"]
[Date "2019.01.27"]
[Round "1.4"]
[White "Mammadova, Narmin"]
[Black "Darban, Morteza"]
[Result "0-1"]
[ECO "B07"]
[WhiteElo "2219"]
[BlackElo "2333"]
[Annotator "NA"]
[PlyCount "92"]
[EventDate "2019.01.27"]
[EventType "schev"]
[EventCountry "TUR"]
[SourceTitle "playchess.com"]
[Source "ChessBase"]
[SourceQuality "1"]
[TimeControl "5400+30"]

1. e4 d6 2. d4 Nf6 3. Bd3 e5 4. dxe5 dxe5 5. Nf3 Nc6 6. c3 Bd6 7. O-O O-O 8. h3 Ne7 9. Qc2 Ng6 10. Re1 Nh5 11. Nbd2 Nhf4 12. Bf1 Qf6 13. a4 a5 14. b3 Rd8 15. Ba3 Bxa3 16. Rxa3 Nh4 17. Nxh4 Qxh4 18. Re3 Be6 19. Ra1 Rd7 20. Nf3 Qh5 21. Rb1 f6 22. Kh2 b6 23. b4 Rd6 24. bxa5 Rxa5 25. Rb5 Ra8 26. Rb1 Bd7 27. Ra1 Qe8 28. g3 Ne6 29. Bc4 Kf8 30. Rd3 Rxd3 31. Qxd3 Nc5 32. Qe3 Rxa4 33. Rxa4 Bxa4 34. Nd2 Bd7 35. f4 Qh5 36. f5 Qd1 37. g4 h6 38. Bd5 Bb5 39. c4 Bd7 40. Nf3 Qd3 41. Qf2 c6 42. Be6 Bxe6 43. fxe6 Nxe6 44. Nh4 Nf4 45. Qxb6 Qxh3+ 46. Kg1 Qxg4+ 0-1

[Event "IM Marmaris Karia IV 2019"]
[Site "Marmaris"]
[Date "2019.01.27"]
[Round "1.5"]
[White "Alaz, Ahmet Efekan"]
[Black "Haussernot, Cecile"]
[Result "0-1"]
[ECO "A03"]
[WhiteElo "2218"]
[BlackElo "2157"]
[Annotator "NA"]
[PlyCount "146"]
[EventDate "2019.01.27"]
[EventType "schev"]
[EventCountry "TUR"]
[SourceTitle "playchess.com"]
[Source "ChessBase"]
[SourceQuality "1"]
[TimeControl "5400+30"]

1. f4 d5 2. Nf3 Bg4 3. e3 Nd7 4. h3 Bxf3 5. Qxf3 c6 6. c4 Ngf6 7. Nc3 e6 8. b3 Bb4 9. Bb2 Ne4 10. Nxe4 dxe4 11. Qf2 Be7 12. O-O-O Qa5 13. Kb1 Bf6 14. d3 exd3 15. Bxd3 O-O-O 16. Bxf6 Nxf6 17. Bc2 Qc3 18. e4 Kb8 19. e5 Nd7 20. Rd3 Qa5 21. Rhd1 Kc8 22. Qg3 Nc5 23. Rxd8+ Rxd8 24. Rxd8+ Qxd8 25. Qxg7 Qd4 26. Qxf7 Qg1+ 27. Kb2 Qd4+ 28. Kb1 Qg1+ 29. Kb2 Qd4+ 30. Ka3 b5 31. cxb5 Nd7 32. bxc6 Qc5+ 33. Kb2 Qd4+ 34. Kc1 Qe3+ 35. Kd1 Qg1+ 36. Kd2 Qf2+ 37. Kc3 Qe3+ 38. Bd3 Qc1+ 39. Kd4 Qg1+ 40. Kc3 Qc1+ 41. Bc2 Qe3+ 42. Kc4 Nb6+ 43. Kb5 Qe2+ 44. Ka5 Qxc2 45. Qxe6+ Kc7 46. Qd6+ Kc8 47. Qe6+ Kc7 48. Qd6+ Kc8 49. e6 Qxa2+ 50. Kb4 Qe2 51. e7 Qxe7 52. Qxe7 Nd5+ 53. Kc5 Nxe7 54. Kd6 Nf5+ 55. Ke5 Nh4 56. g3 Nf3+ 57. Kd6 Nd4 58. g4 Nxb3 59. f5 Nd2 60. Kd5 Nf3 61. f6 Ng5 62. h4 Nf7 63. Ke6 Nd8+ 64. Ke7 a5 65. g5 a4 66. h5 a3 67. g6 hxg6 68. hxg6 a2 69. g7 a1=Q 70. g8=Q Qe5+ 71. Kf8 Qxf6+ 72. Ke8 Ne6 73. Qf7 Qd8# 0-1

[Event "IM Marmaris Karia IV 2019"]
[Site "Marmaris"]
[Date "2019.01.27"]
[Round "2.2"]
[White "Rzayev, Bahruz"]
[Black "Tanriverdi, Enes"]
[Result "1/2-1/2"]
[ECO "B40"]
[WhiteElo "2359"]
[BlackElo "2283"]
[Annotator "NA"]
[PlyCount "85"]
[EventDate "2019.01.27"]
[EventType "schev"]
[EventCountry "TUR"]
[SourceTitle "playchess.com"]
[Source "ChessBase"]
[SourceQuality "1"]
[TimeControl "5400+30"]

1. e4 c5 2. Nf3 e6 3. b3 b6 4. Bb2 Bb7 5. Nc3 Nc6 6. Be2 Nge7 7. O-O Ng6 8. d4 cxd4 9. Nxd4 Bc5 10. Na4 Nxd4 11. Bxd4 Bxd4 12. Qxd4 Qg5 13. g3 O-O 14. f4 Nxf4 15. Bf3 f5 16. exf5 Rxf5 17. Qxd7 Bxf3 18. Rxf3 Nh3+ 19. Kg2 Rxf3 20. Kxf3 Rf8+ 21. Kg2 Rf2+ 22. Kh1 Qe5 23. Nc3 Qxc3 24. Qxe6+ Kf8 25. Qd6+ Kf7 26. Qd5+ Kg6 27. Qe4+ Kf6 28. Rd1 Rd2 29. Rf1+ Nf2+ 30. Kg2 Rxc2 31. Qxc2 Qxc2 32. Rxf2+ Qxf2+ 33. Kxf2 Ke5 34. Ke3 g6 35. Kd3 Kf5 36. h3 h5 37. Ke3 Ke5 38. h4 Kf5 39. Kf3 g5 40. hxg5 Kxg5 41. Kf2 Kg4 42. Kg2 Kf5 43. Kf3 1/2-1/2

[Event "IM Marmaris Karia IV 2019"]
[Site "Marmaris"]
[Date "2019.01.27"]
[Round "2.3"]
[White "Darban, Morteza"]
[Black "Hamidi, Amir Mohammad"]
[Result "1/2-1/2"]
[ECO "C01"]
[WhiteElo "2333"]
[BlackElo "2221"]
[Annotator "NA"]
[PlyCount "60"]
[EventDate "2019.01.27"]
[EventType "schev"]
[EventCountry "TUR"]
[SourceTitle "playchess.com"]
[Source "ChessBase"]
[SourceQuality "1"]
[TimeControl "5400+30"]

1. e4 e6 2. d4 d5 3. exd5 exd5 4. Nf3 Nf6 5. Bd3 Bd6 6. O-O O-O 7. Bg5 Bg4 8. Nbd2 c6 9. c3 Nbd7 10. Qc2 Qc7 11. Rfe1 Rfe8 12. Bh4 Bh5 13. Bg3 Bg6 14. Bxg6 hxg6 15. Rxe8+ Rxe8 16. Re1 Rxe1+ 17. Nxe1 Bxg3 18. hxg3 Ne8 19. Nd3 Nd6 20. Qb3 Qb6 21. Qxb6 axb6 22. Kf1 Kf8 23. Ke2 Ke7 24. g4 g5 25. f3 Kd8 26. Nf1 g6 27. Ne3 Nf8 28. g3 Ne6 29. Ne5 Ke7 30. Kd2 Nf8 1/2-1/2

[Event "IM Marmaris Karia IV 2019"]
[Site "Marmaris"]
[Date "2019.01.27"]
[Round "2.4"]
[White "Haussernot, Cecile"]
[Black "Mammadova, Narmin"]
[Result "1/2-1/2"]
[ECO "B13"]
[WhiteElo "2157"]
[BlackElo "2219"]
[Annotator "NA"]
[PlyCount "69"]
[EventDate "2019.01.27"]
[EventType "schev"]
[EventCountry "TUR"]
[SourceTitle "playchess.com"]
[Source "ChessBase"]
[SourceQuality "1"]
[TimeControl "5400+30"]

1. d4 d5 2. Bf4 Nf6 3. e3 c5 4. c3 Nc6 5. Nd2 cxd4 6. exd4 g6 7. Bd3 Bg7 8. Ngf3 O-O 9. O-O Nh5 10. Be3 Qd6 11. Re1 a6 12. a4 Bd7 13. Nb3 Rad8 14. Nc5 Bc8 15. b4 e5 16. b5 exd4 17. cxd4 Nb4 18. Bb1 a5 19. Nd3 Nxd3 20. Bxd3 Nf4 21. Bc2 Bg4 22. h3 Bxf3 23. Qxf3 Ne6 24. Rad1 Qa3 25. Qg4 Qd6 26. Bb3 Rfe8 27. g3 Qb4 28. Rb1 h5 29. Qd1 Qd6 30. Qd2 Qb6 31. Qa2 Qd6 32. Qd2 Qb6 33. Qa2 Qd6 34. Qd2 Qb6 35. Qa2 1/2-1/2

[Event "IM Marmaris Karia IV 2019"]
[Site "Marmaris"]
[Date "2019.01.29"]
[Round "6.3"]
[White "Rzayev, Bahruz"]
[Black "Hamidi, Amir Mohammad"]
[Result "1-0"]
[ECO "C01"]
[WhiteElo "2359"]
[BlackElo "2221"]
[Annotator "NA"]
[PlyCount "89"]
[EventDate "2019.01.27"]
[EventType "schev"]
[EventCountry "TUR"]
[SourceTitle "playchess.com"]
[Source "ChessBase"]
[SourceQuality "1"]
[TimeControl "5400+30"]

1. e4 e6 2. d4 d5 3. Bd3 dxe4 4. Bxe4 Nf6 5. Bf3 c5 6. Ne2 Nc6 7. Be3 e5 8. Bxc6+ bxc6 9. dxe5 Qxd1+ 10. Kxd1 Ng4 11. Nd2 Nxe5 12. Re1 f6 13. Bf4 Ng6 14. Bg3 Kf7 15. a4 h5 16. h4 Be6 17. a5 Be7 18. Ra4 Rad8 19. Kc1 Rhe8 20. f3 a6 21. Nc4 Bf8 22. Nb6 Bf5 23. Bc7 Rd4 24. Nxd4 Rxe1+ 25. Kd2 Re7 26. Nxf5 Rxc7 27. Ng3 Ne7 28. Nxh5 Nf5 29. Rg4 g6 30. Nf4 Nh6 31. h5 Nxg4 32. hxg6+ Kg8 33. fxg4 Bh6 34. g3 Re7 35. Kd3 Re1 36. Nh5 Bg5 37. Nc8 Re8 38. Na7 Re6 39. Kc4 Be3 40. Nc8 Re4+ 41. Kd3 Re6 42. c3 Bc1 43. b3 Bh6 44. Nb6 Bf8 45. Nd7 1-0

[Event "IM Marmaris Karia IV 2019"]
[Site "Marmaris"]
[Date "2019.01.29"]
[Round "6.4"]
[White "Darban, Morteza"]
[Black "Mammadova, Narmin"]
[Result "0-1"]
[ECO "C13"]
[WhiteElo "2333"]
[BlackElo "2219"]
[Annotator "NA"]
[PlyCount "92"]
[EventDate "2019.01.27"]
[EventType "schev"]
[EventCountry "TUR"]
[SourceTitle "playchess.com"]
[Source "ChessBase"]
[SourceQuality "1"]
[TimeControl "5400+30"]

1. d4 d5 2. Nc3 Nf6 3. Bg5 c6 4. Bxf6 gxf6 5. e4 e6 6. Nf3 Be7 7. Bd3 dxe4 8. Nxe4 b6 9. Qe2 Bb7 10. O-O-O Qc7 11. Kb1 Nd7 12. g3 O-O-O 13. c4 Kb8 14. Rc1 c5 15. Rhd1 cxd4 16. Nxd4 Nc5 17. Nxc5 Bxc5 18. Nb5 Qc6 19. Nc3 f5 20. a3 a6 21. f4 Bd4 22. Ka2 Ka7 23. Qc2 h5 24. Bf1 Bf6 25. Rxd8 Rxd8 26. Rd1 Rxd1 27. Nxd1 Qc5 28. Bd3 h4 29. Qf2 Qd6 30. Qe2 hxg3 31. hxg3 Bd4 32. Qc2 Qc6 33. Qb3 Qg2 34. Bc2 Qg1 35. Bb1 Qe1 36. Bc2 Qd2 $17 37. Kb1 Bc5 38. Ka2 Qg2 39. Kb1 Bf3 40. Qa4 Bc6 41. Qb3 Kb7 42. Ka2 Kc7 43. Bb1 Bf3 44. Qc2 Qxg3 45. Qd2 Bc6 46. b4 Bd6 0-1

[Event "IM Marmaris Karia IV 2019"]
[Site "Marmaris"]
[Date "2019.01.29"]
[Round "6.5"]
[White "Haussernot, Cecile"]
[Black "Alaz, Ahmet Efekan"]
[Result "1/2-1/2"]
[ECO "D00"]
[WhiteElo "2157"]
[BlackElo "2218"]
[Annotator "NA"]
[PlyCount "103"]
[EventDate "2019.01.27"]
[EventType "schev"]
[EventCountry "TUR"]
[SourceTitle "playchess.com"]
[Source "ChessBase"]
[SourceQuality "1"]
[TimeControl "5400+30"]

1. d4 d5 2. Bf4 Nf6 3. e3 c5 4. c3 Nc6 5. Nd2 Bf5 6. Ngf3 e6 7. Qb3 Qb6 8. Qxb6 axb6 9. Bb5 Nd7 10. Ne5 Ndxe5 11. Bxe5 Kd7 12. O-O f6 13. Bg3 Bd6 14. f3 cxd4 15. exd4 Bxg3 16. hxg3 Kd6 17. g4 Bg6 18. f4 h5 19. g5 Nd8 20. Nf3 Be4 21. Nd2 Bf5 22. c4 Nc6 23. Nf3 Be4 24. Bxc6 bxc6 25. Nd2 Bd3 26. Rfc1 Bxc4 27. Nxc4+ dxc4 28. gxf6 gxf6 29. Rxc4 Ra5 30. Rac1 Rc8 31. a3 Rb5 32. b4 Rf5 33. a4 Rxf4 34. b5 Kd5 35. Rxc6 Rb8 36. Re1 e5 37. dxe5 fxe5 38. Rh6 Rxa4 39. Rxh5 Re4 40. Rc1 Rg8 41. Rc2 Rb4 42. Rd2+ Rd4 43. Rc2 Rg6 44. Rh8 Ke4 45. Re2+ Kd5 46. Rc2 Re6 47. Kf2 Rf6+ 48. Ke3 Re4+ 49. Kd3 Rd4+ 50. Ke3 Re4+ 51. Kd3 Rd4+ 52. Ke3 1/2-1/2

[Event "IM Marmaris Karia IV 2019"]
[Site "Marmaris"]
[Date "2019.01.30"]
[Round "8.2"]
[White "Darban, Morteza"]
[Black "Tanriverdi, Enes"]
[Result "0-1"]
[ECO "B25"]
[WhiteElo "2333"]
[BlackElo "2283"]
[Annotator "NA"]
[PlyCount "56"]
[EventDate "2019.01.27"]
[EventType "schev"]
[EventCountry "TUR"]
[SourceTitle "playchess.com"]
[Source "ChessBase"]
[SourceQuality "1"]
[TimeControl "5400+30"]

1. e4 c5 2. Nc3 Nc6 3. g3 g6 4. Bg2 Bg7 5. f4 d6 6. d3 e6 7. Nf3 Nge7 8. O-O O-O 9. Be3 Nd4 10. Bxd4 {[%emt 0:01:30] B25: Closed Sicilian: 3 g3, lines without early Be3} (10. Qd2 Rb8 11. Rae1 b5 12. Nd1 b4 13. g4 f5 14. gxf5 gxf5 15. Ng5 h6 16. Nh3 Ng6 17. c3 bxc3 18. bxc3 Nb5 19. exf5 exf5 20. a4 {½-½ (45) Pridorozhni,A (2565)-Sarana,A (2541) Sochi 2017}) 10... cxd4 11. Ne2 e5 12. fxe5 dxe5 13. c4 $146 ({Predecessor:} 13. c3 Nc6 14. cxd4 Nxd4 15. Nfxd4 exd4 16. Qd2 Bd7 17. Qb4 Bc6 {0-1 (26) Abdullah,A-Samadi,A Dubai 2003}) 13... f5 14. Nd2 Be6 15. b4 Qd7 16. a3 Rac8 17. Nc1 b6 18. Ncb3 fxe4 19. Rxf8+ Rxf8 20. dxe4 Bh6 $17 21. Qe2 Be3+ 22. Kh1 Rf2 23. Qd3 Bh3 24. Bf3 Qe8 25. Rg1 Qf7 26. Be2 Qf8 27. Nf1 Qh6 28. Nxe3 Rxh2+ 0-1

[Event "IM Marmaris Karia IV 2019"]
[Site "Marmaris"]
[Date "2019.01.30"]
[Round "8.3"]
[White "Haussernot, Cecile"]
[Black "Hamidi, Amir Mohammad"]
[Result "0-1"]
[ECO "B96"]
[WhiteElo "2157"]
[BlackElo "2221"]
[Annotator "NA"]
[PlyCount "64"]
[EventDate "2019.01.27"]
[EventType "schev"]
[EventCountry "TUR"]
[SourceTitle "playchess.com"]
[Source "ChessBase"]
[SourceQuality "1"]
[TimeControl "5400+30"]

1. e4 c5 2. Nf3 d6 3. d4 cxd4 4. Nxd4 Nf6 5. Nc3 a6 6. Bg5 e6 7. f4 h6 8. Bh4 Qb6 9. a3 Nbd7 $146 {[%emt 0:00:00] B96: Sicilian Najdorf: 6 Bg5 e6 7 f4, lines other than 7...Qb6 and 7...Be7} ({Predecessor:} 9... Be7 10. Bf2 Qc7 11. Qf3 Nbd7 12. Bd3 b5 13. O-O {0-1 (61) Solak,D (2611)-Vachier Lagrave,M (2742) Rhodes 2013}) 10. Bf2 Qc7 11. Qf3 b5 12. Bd3 Bb7 13. O-O Be7 14. f5 ({Predecessor:} 14. Qh3 O-O 15. Rae1 Rfe8 16. Kh1 Nc5 17. Bh4 Nxd3 18. cxd3 {0-1 (61) Solak,D (2611)-Vachier Lagrave,M (2742) Rhodes 2013}) 14... e5 15. Nde2 Nb6 16. b3 d5 17. exd5 Nbxd5 18. Ne4 O-O 19. N2g3 Rac8 20. c4 bxc4 21. bxc4 Nc3 22. Nxf6+ Bxf6 23. Qg4 Rfd8 24. Nh5 Rxd3 25. Nxf6+ Kh8 26. Nh5 f6 27. Bh4 Qf7 28. Bg3 Rxc4 29. Qh3 Ne2+ 30. Kh1 Nf4 31. Nxf4 exf4 32. Qg4 f3 0-1

[Event "IM Marmaris Karia IV 2019"]
[Site "Marmaris"]
[Date "2019.01.30"]
[Round "8.5"]
[White "Pacher, Milan"]
[Black "Alaz, Ahmet Efekan"]
[Result "1/2-1/2"]
[ECO "D11"]
[WhiteElo "2442"]
[BlackElo "2218"]
[Annotator "NA"]
[PlyCount "129"]
[EventDate "2019.01.27"]
[EventType "schev"]
[EventCountry "TUR"]
[SourceTitle "playchess.com"]
[Source "ChessBase"]
[SourceQuality "1"]
[TimeControl "5400+30"]

1. d4 d5 2. c4 c6 3. Nf3 Nf6 4. e3 Bg4 5. Nc3 e6 6. Qb3 Qb6 7. Nh4 Nbd7 8. h3 Bh5 9. g4 Bg6 10. Nxg6 hxg6 11. Bg2 Be7 12. Bd2 O-O 13. cxd5 Qxb3 14. axb3 exd5 15. Ke2 Nb6 16. Rhc1 Bb4 17. Na4 Bxd2 18. Kxd2 Nbd7 19. b4 a6 20. Nc5 Nxc5 21. bxc5 Rfe8 22. f3 Re7 23. h4 Rae8 24. Rc3 Nh7 25. g5 Nf8 26. Bh3 Ne6 27. Rb3 Rc7 28. f4 Nd8 29. Bg4 Ne6 30. Rh1 Kf8 31. Kc3 Nd8 32. Kb4 Ke7 33. Ka5 f5 34. Kb6 Ne6 35. Bf3 Ra8 36. Ra3 Rh8 37. Raa1 Kd8 38. h5 gxh5 39. Rxh5 Rxh5 40. Bxh5 Nf8 $16 41. Rh1 g6 42. Bd1 Nh7 43. Rh6 Nf8 44. Rh8 Rf7 45. Rg8 Ke8 46. Rh8 Re7 47. b4 Rf7 48. Ka7 Rg7 49. Kb8 Rd7 50. Kc8 Re7 51. Rh2 Rg7 52. Be2 Re7 53. Bf1 Rg7 54. Ra2 Ne6 55. Kb8 Nd8 56. Rh2 Ne6 57. Bd3 Re7 58. Rh3 Nf8 59. Kc8 Ne6 60. Rh1 Rc7+ 61. Kb8 Re7 62. Ka7 Nf8 63. Re1 Kd8 64. Bc2 Kc7 65. Re2 1/2-1/2

[Event "IM Marmaris Karia IV 2019"]
[Site "Marmaris"]
[Date "2019.01.31"]
[Round "10.1"]
[White "Haussernot, Cecile"]
[Black "Ahmadzada, Ahmad"]
[Result "0-1"]
[ECO "B80"]
[WhiteElo "2157"]
[BlackElo "2337"]
[Annotator "NA RC"]
[PlyCount "80"]
[EventDate "2019.01.27"]
[EventType "schev"]
[EventCountry "TUR"]
[SourceTitle "playchess.com"]
[Source "ChessBase"]
[SourceQuality "1"]
[TimeControl "5400+30"]

1. e4 c5 2. Nf3 e6 3. d4 cxd4 4. Nxd4 d6 5. Nc3 Nc6 6. Be3 Nf6 7. f3 Be7 8. Qd2 $14 O-O 9. g4 a6 10. g5 Nd7 11. f4 Nxd4 12. Qxd4 b5 13. O-O-O Bb7 14. Bg2 Rc8 15. h4 Qa5 16. Kb1 Rc4 17. Qd3 Rfc8 18. Ne2 Rxc2 19. Bd2 b4 20. Nd4 R2c4 21. h5 d5 22. Nb3 Qb5 23. g6 dxe4 24. gxf7+ Kxf7 25. Qg3 Nf6 26. Bf1 e3 27. Bxc4 Qxc4 28. Rhg1 Nd5 29. Qxg7+ Ke8 30. Nd4 Qd3+ 31. Ka1 exd2 32. Qg8+ Kd7 33. Qxe6+ Kc7 34. Nf5 Bf8 35. Rg3 Qc2 36. Rg7+ Kb8 37. Rxb7+ Kxb7 38. Qxd5+ Kb6 39. Qd4+ Bc5 40. Qf6+ Ka5 0-1

[Event "IM Marmaris Karia IV 2019"]
[Site "Marmaris"]
[Date "2019.01.31"]
[Round "10.4"]
[White "Rzayev, Bahruz"]
[Black "Mammadova, Narmin"]
[Result "1/2-1/2"]
[ECO "C67"]
[WhiteElo "2359"]
[BlackElo "2219"]
[Annotator "RC"]
[PlyCount "31"]
[EventDate "2019.01.27"]
[EventType "schev"]
[EventCountry "TUR"]
[SourceTitle "playchess.com"]
[Source "ChessBase"]
[SourceQuality "1"]
[TimeControl "5400+30"]

1. e4 e5 2. Nf3 Nc6 3. Bb5 Nf6 4. O-O Nxe4 5. d4 Nd6 6. dxe5 Nxb5 7. a4 Nbd4 8. Nxd4 Nxd4 9. Qxd4 d5 10. exd6 Qxd6 11. Qe4+ Qe6 12. Qd4 Qd6 13. Qe4+ Qe6 14. Qd4 Qd6 15. Qe4+ Qe6 16. Qd4 1/2-1/2

[Event "IM Marmaris Karia IV 2019"]
[Site "Marmaris"]
[Date "2019.01.31"]
[Round "10.5"]
[White "Darban, Morteza"]
[Black "Alaz, Ahmet Efekan"]
[Result "0-1"]
[ECO "D03"]
[WhiteElo "2333"]
[BlackElo "2218"]
[Annotator "NA RC"]
[PlyCount "66"]
[EventDate "2019.01.27"]
[EventType "schev"]
[EventCountry "TUR"]
[SourceTitle "playchess.com"]
[Source "ChessBase"]
[SourceQuality "1"]
[TimeControl "5400+30"]

1. d4 d5 2. Nf3 Nf6 3. Bg5 Ne4 4. Bh4 Qd6 5. c3 Qh6 6. Nbd2 g5 7. Bg3 Nxg3 8. fxg3 g4 9. Ne5 Nc6 10. e4 Nxe5 11. dxe5 dxe4 12. Nxe4 Bg7 13. Qd4 Be6 14. Bb5+ c6 15. Ba4 Rd8 16. Qxa7 Bf5 17. Rd1 O-O 18. Nf2 Ra8 19. Qd4 c5 20. Qc4 Qe3+ 21. Kf1 Be6 22. Qb5 Rfd8 23. Re1 Qd2 24. Ne4 Qd5 25. Bb3 c4 26. Qxd5 Bxd5 27. Bc2 Rxa2 28. Rb1 Bxe5 29. Kf2 f5 30. Nd2 Bxc3 31. Rhd1 Bd4+ 32. Kf1 Bxb2 33. Ke2 e6 0-1